 Dungeon Crawl Stone Soup version 0.27-a0-1438-g9b7c6745da (webtiles) character file.

Game seed: 503160587474023745

22981 27snakeeyes612 the Cleaver (level 12, -4/113 HPs)
             Began as a Minotaur Berserker on July 4, 2021.
             Was an Elder of Trog.
             Killed by divine providence
             ... invoked by a meliai
              (12 damage)
             ... on level 14 of the Dungeon.
             The game lasted 00:12:17 (13909 turns).

27snakeeyes612 the Cleaver (Minotaur Berserker)    Turns: 13909, Time: 00:12:18

Health: -4/113     AC: 24    Str: 26    XL:     12   Next: 67%
Magic:  11/11      EV: 12    Int:  4    God:    Trog [****..]
Gold:   695        SH:  5    Dex: 11    Spells: 11/11 levels left

rFire    + + .     SeeInvis .   M - +2 war axe (vamp)
rCold    . . .     Faith    .   (no shield)
rNeg     . . .     Spirit   .   r - +0 chain mail
rPois    +         Reflect  +   (helmet restricted)
rElec    +         Harm     .   q - +1 cloak
rCorr    +         Rampage  .   s - +2 pair of gloves
Will     ++...                  p - +0 pair of boots
Stlth    ..........             P - amulet of reflection
HPRegen  1.28/turn              f - ring of fire
MPRegen  0.12/turn              C - +4 ring of protection

@: resistant, strong-willed (expiring), regenerating (expiring)
A: horns 2, retaliatory headbutt
a: Renounce Religion, Berserk, Trog's Hand, Brothers in Arms


You were on level 14 of the Dungeon.
You worshipped Trog.
Trog was greatly pleased with you.
You visited 1 branch of the dungeon, and saw 12 of its levels.
You also visited: Ossuary.

You collected 740 gold pieces.
You spent 45 gold pieces at shops.

Inventory:

Hand Weapons
 a - a +0 hand axe
 g - a +1 war axe of draining
 l - a +1 morningstar
 B - a +4 broad axe of freezing
 M - a +2 vampiric war axe (weapon)
Missiles
 E - 3 curare-tipped darts
 K - 2 throwing nets (quivered)
Armour
 b - a +0 animal skin
 p - a +0 pair of boots (worn)
 q - a +1 cloak (worn)
 r - a +0 chain mail (worn)
 s - a +2 pair of gloves (worn)
 x - a +2 kite shield
Jewellery
 d - a ring of flight
 e - a ring of protection from cold
 f - a ring of fire (left hand)
 j - an amulet of guardian spirit
 y - a +6 ring of dexterity
 z - an amulet of magic regeneration
 C - a +4 ring of protection (right hand)
 D - a ring of protection from cold
 P - an amulet of reflection (around neck)
 Q - a ring of see invisible
Wands
 u - a wand of polymorph (3)
 I - a wand of acid (5)
 O - a wand of flame (9)
 R - a wand of iceblast (9)
Scrolls
 t - 3 scrolls of identify
 J - a scroll of summoning
 L - a scroll of teleportation
 N - a scroll of vulnerability
Potions
 c - 4 potions of curing
 h - a potion of lignification
 i - a potion of magic
 k - 2 potions of haste
 m - 3 potions of flight
 n - a potion of berserk rage
 o - a potion of invisibility
 v - a potion of ambrosia
 w - 2 potions of resistance
 F - a potion of might
 G - 2 potions of mutation


   Skills:
 + Level 12.6 Fighting
 + Level 12.6 Axes
 + Level 12.3 Armour
 + Level 11.4 Dodging
 + Level 7.1 Shields


You had 11 spell levels left.
You didn't know any spells.
Your spell library was empty.

Dungeon Overview and Level Annotations

Branches:
Dungeon (14/15)            Temple (0/1) D:4            Lair (0/6) D:11
    Orc (0/2) D:9         Ossuary (visited)
 Vaults: D:13-14

Altars:
Cheibriados
Dithmenos
Fedhas
Hepliaklqana
Okawaru
Qazlal
Wu Jian
Xom
Yredelemnul

Shops:
D:3 [   D:9 ?


Innate Abilities, Weirdness & Mutations

You have a pair of horns on your head.
You reflexively headbutt those who attack you in melee.


Message History

The eight-headed hydra barely misses you. x2
The eight-headed hydra bites you but does no damage. x2
The eight-headed hydra barely misses you.
The eight-headed hydra bites you but does no damage. x2
Blink to where?
Press: ? - help, Dir - move target
As you read the scroll of blinking, it crumbles to dust.
Something bites your two-headed ogre.
Something completely misses your two-headed ogre.
Something barely misses your two-headed ogre.
Something bites your two-headed ogre!
Something closely misses your two-headed ogre.
Something bites your two-headed ogre. Something bites your two-headed ogre!
Something bites your two-headed ogre but does no damage.
Your surroundings suddenly seem different.
You start resting.
A meliai is nearby!
You fail to use your ability.
The meliai buzzes angrily.
You fail to use your ability.
You feel the effects of Trog's Hand fading.
Your ogre goes berserk!
The meliai hits you with a +0 war axe!
* * * LOW HITPOINT WARNING * * *
The meliai stings you.
* * * LOW HITPOINT WARNING * * *
You swap places.
The meliai hits your ogre with a +0 war axe!!
The meliai stings your ogre!
Your ogre hits the meliai with a +0 giant club!
The meliai mumbles some strange prayers to its god against you.
Something smites you!
* * * LOW HITPOINT WARNING * * *
The meliai hits your ogre with a +0 war axe!
Your ogre dies!
Your ogre's corpse disappears in a puff of smoke!
You feel protected.
The meliai invokes the aid of its god against you.
Something smites you!
You die...

####### #.....#### ##########
#........# #.........
###........#############.######.#
........)>.'y.§y@........# #.#
#........############### #.#
#...[.#......... #.#
#.....#.#######. #.# #.....#.# #.
#.# #.....#.# #. #.# ###.....#.#
.. #.# ...#.####.# ## .###### #.#
...#.# #.. .. .....# #.#


You could see 2 meliai.

Vanquished Creatures
  Gastronok (D:8)
  A catoblepas (D:13)
  4 two-headed ogres
  Pikel (D:5)
  A deep elf pyromancer (D:12)
  A manticore (D:13)
  An ugly thing (D:13)
  2 cyclopes
  A gargoyle (D:12)
  2 kobold demonologists (D:12)
  A yaktaur (shapeshifter) (D:14)
  An unseen horror (D:13)
  A komodo dragon (D:11)
  4 trolls
  2 hornets
  10 slime creatures (D:13)
  A raiju (shapeshifter) (D:13)
  2 shadows
  A vampire (D:10)
  2 wyverns (D:10)
  16 yaks
  2 fire elementals (D:13)
  A steam dragon (D:10)
  4 vampire mosquitoes (D:12)
  A hell hound (D:13)
  An acid dragon (D:13)
  5 orc warriors
  A black bear (D:8)
  4 centaurs
  A phantom (D:4)
  4 kobold brigands
  2 bullfrogs (D:8)
  2 gnoll sergeants
  14 scorpions
  2 water moccasin skeletons
  5 killer bees
  9 wights
  4 howler monkeys
  8 centaur zombies
  4 human zombies (Ossuary)
  A jelly (D:8)
  A centaur skeleton (D:5)
  A gnoll shaman (D:9)
  9 orc priests
  Crazy Yiuf (D:3)
  4 scorpion zombies
  12 orc wizards
  A hound zombie (D:3)
  4 mummies
  14 gnolls
  A howler monkey skeleton (D:4)
  9 adders
  3 white imps
  3 worms
  A dart slug (D:1)
  32 orcs
  6 endoplasms
  4 giant cockroaches
  3 gnoll zombies (Ossuary)
  5 goblins
  8 hobgoblins
  15 jackals
  6 quokkas
  3 ball pythons
  7 bats
  4 goblin zombies (Ossuary)
  A hobgoblin zombie (Ossuary)
  A jackal zombie (D:3)
  12 kobolds
  A kobold zombie (Ossuary)
  5 orc zombies (Ossuary)
  6 rats
314 creatures vanquished.

Vanquished Creatures (collateral kills)
  Azrael (D:13)
  Sonja (D:12)
  A cyclops (D:12)
  A meliai (D:14)
  2 fire elementals (D:13)
  2 ogres (D:5)
  A lemure (D:5)
  A wyvern skeleton (D:5)
  A bullfrog zombie (D:5)
  A hound (D:5)
  Ijyb (D:5)
  A scorpion zombie (D:5)
  A howler monkey skeleton (D:5)
  A white imp (D:5)
16 creatures vanquished.

Vanquished Creatures (others)
  A fungus (D:4)
  21 plants
22 creatures vanquished.

Grand Total: 352 creatures vanquished

Notes
Turn   | Place    | Note
-------+----------+-------------------------------------------
     0 | D:1      | 27snakeeyes612 the Minotaur Berserker began the quest for
                  | the Orb.
     0 | D:1      | Reached XP level 1. HP: 19/19 MP: 0/0
    91 | D:1      | Reached XP level 2. HP: 21/27 MP: 1/1
   695 | D:1      | Reached ** piety under Trog
   696 | D:1      | Reached XP level 3. HP: 30/33 MP: 2/2
   841 | D:1      | Found a faded altar of an unknown god.
  1735 | D:2      | Reached XP level 4. HP: 40/40 MP: 3/3
  2501 | D:3      | Found a shimmering altar of Xom.
  2910 | D:3      | You fall into a shaft and drop 1 floor!
  3033 | D:3      | Reached *** piety under Trog
  3089 | D:3      | Found Fitzeet's Armour Emporium.
  3112 | D:3      | Bought a +0 pair of boots for 45 gold pieces
  3153 | D:3      | Reached XP level 5. HP: 32/47 MP: 4/4
  3253 | D:3      | Found a basalt altar of Yredelemnul.
  3341 | D:3      | Found an ornate altar of the Wu Jian Council.
  3434 | D:3      | Found a runed translucent door.
  3435 | D:3      | Noticed Crazy Yiuf
  3643 | D:3      | Killed Crazy Yiuf
  4026 | D:3      | Reached skill level 5 in Axes
  4243 | D:4      | Reached skill level 5 in Fighting
  4243 | D:4      | Reached XP level 6. HP: 41/56 MP: 5/5
  4592 | D:4      | Found a blossoming altar of Fedhas.
  4619 | D:4      | Reached skill level 5 in Armour
  4619 | D:4      | Reached XP level 7. HP: 62/62 MP: 6/6
  4631 | D:4      | Reached **** piety under Trog
  4777 | D:4      | Found a staircase to the Ecumenical Temple.
  4785 | D:4      | Found a stormy altar of Qazlal.
  4953 | D:5      | Entered Level 5 of the Dungeon
  5045 | D:5      | Reached skill level 5 in Dodging
  5159 | D:5      | Noticed Ijyb
  5166 | D:5      | Killed Ijyb
  5196 | D:5      | Noticed Pikel
  5201 | D:5      | Reached XP level 8. HP: 59/71 MP: 7/7
  5206 | D:5      | Killed Pikel
  5385 | D:5      | Found an iron altar of Okawaru.
  5599 | D:5      | You fall into a shaft and drop 3 floors!
  5822 | D:8      | Reached XP level 9. HP: 67/81 MP: 6/8
  5944 | D:8      | Found a sand-covered staircase.
  5954 | Ossuary  | Entered an ossuary
  6323 | Ossuary  | Reached XP level 10. HP: 79/91 MP: 7/9
  6391 | Ossuary  | Reached ***** piety under Trog
  6777 | D:8      | Noticed Gastronok
  6795 | D:8      | Killed Gastronok
  6796 | D:8      | Reached skill level 10 in Fighting
  6796 | D:8      | Reached skill level 10 in Axes
  7385 | D:8      | Reached skill level 10 in Armour
  7742 | D:9      | Found a staircase to the Orcish Mines.
  8546 | D:9      | Found Ozisailo's Magic Scroll Boutique.
  8689 | D:9      | Identified a scroll of acquirement
  8689 | D:9      | Acquired a +2 vorpal broad axe
  8701 | D:10     | Entered Level 10 of the Dungeon
  8725 | D:10     | Reached XP level 11. HP: 99/101 MP: 10/10
  8785 | D:10     | Reached skill level 1 in Shields
  9073 | D:10     | Noticed a two-headed ogre
  9087 | D:10     | Killed a two-headed ogre
  9087 | D:10     | Received a gift from Trog
  9642 | D:10     | Found a hazy altar of Hepliaklqana.
  9675 | D:10     | Reached skill level 10 in Dodging
 10153 | D:11     | Found a staircase to the Lair.
 10646 | D:11     | Found a snail-covered altar of Cheibriados.
 10764 | D:12     | Noticed a deep elf pyromancer
 10773 | D:12     | Killed a deep elf pyromancer
 10863 | D:12     | Identified the +0 leather armour "Kaxto" {rN+ Dex+5 Stlth+}
 11024 | D:12     | Noticed a soul eater
 11103 | D:12     | Noticed Sonja
 11124 | D:12     | Killed Sonja
 11125 | D:12     | Reached skill level 5 in Shields
 11226 | D:12     | Reached XP level 12. HP: 46/112 MP: 7/11
 11717 | D:13     | Noticed a two-headed ogre
 11723 | D:13     | Killed a two-headed ogre
 11761 | D:13     | Noticed Azrael
 11777 | D:13     | Killed Azrael
 11809 | D:13     | Found a shadowy altar of Dithmenos.
 12975 | D:13     | Noticed a catoblepas
 12990 | D:13     | Killed a catoblepas
 13075 | D:13     | Noticed a two-headed ogre
 13080 | D:13     | Killed a two-headed ogre
 13460 | D:13     | Noticed a two-headed ogre
 13469 | D:13     | Killed a two-headed ogre
 13783 | D:14     | Noticed a vault guard
 13869 | D:14     | Noticed an eight-headed hydra
 13880 | D:14     | HP: 1/113 [eight-headed hydra (8)]
 13909 | D:14     | Killed from afar by a meliai

Illustrated notes

Levels and vault maps discovered:
D:1:      saegor_arrival_miasma, layout_loops_corners,
          shapermc_ecumenical_altar_notcrosses
D:2:      layout_loops_ring
D:3:      layout_loops_ring, xom_redecorated, nicolae_yredelemnul_corpse_copse,
          lemuel_crystal_altar, serial_shops, shop, chequers_big_river,
          uniq_crazy_yiuf_cottage
D:4:      layout_cave_pools, grunt_temple_overflow_forces_of_nature,
          minmay_temple_entry_drinking_statues
D:5:      layout_basic, okawaru_ov_weapons_minmay, uniq_pikel, uniq_ijyb
D:8:      layout_loops_ring, gup_ossuary_entry_pyramid, uniq_gastronok
D:9:      layout_roguey, erik_orc_4, serial_shops, nicolae_shop_trees
D:10:     minmay_slanted_spiral_squares, layout_irregular_city,
          old_standard_altar
D:11:     layout_gridville, david_lair_shrubbed, grunt_decor_cap, minmay_holes,
          cheibriados_altar_1
D:12:     layout_long_grid, uniq_sonja
D:13:     layout_gridville, roderic_serpentine_path,
          grunt_dithmenos_smoke_and_mirrors, uniq_azrael
D:14:     layout_basic, grunt_vaults_entry_fortified, serial_shops,
          nicolae_square_shop

Skill      XL: |  1  2  3  4  5  6  7  8  9 10 11 12 |
---------------+-------------------------------------+-----
Axes           | 4 5 6 8 9 10 11 12 | 12.6
Fighting       | 4 5 6 7 9 10 11 12 | 12.6
Armour         | 3 4 5 6 7 9 10 11 12 | 12.3
Dodging        | 3 4 5 6 8 9 10 11 | 11.4
Shields        | 5 7 |  7.1

Action                   |  1- 3 |  4- 6 |  7- 9 | 10-12 || total
-------------------------+-------+-------+-------+-------++-------
Melee: Hand axe          |    78 |       |       |       ||    78
       Headbutt          |     5 |    22 |    50 |   119 ||   196
       War axe           |     2 |   122 |   217 |   454 ||   795
       Unarmed           |       |       |    11 |       ||    11
       Broad axe         |       |       |       |    34 ||    34
Invok: Berserk           |     1 |     1 |     2 |     3 ||     7
       Brothers in Arms  |       |       |     1 |     5 ||     6
       Trog's Hand       |       |       |     1 |     3 ||     4
  Use: Scroll            |       |     4 |     1 |    26 ||    31
       Potion            |       |       |       |     5 ||     5
 Stab: Sleeping          |     2 |       |       |       ||     2
Armor: Animal skin       |    14 |     9 |       |       ||    23
       Chain mail        |       |    52 |   145 |   415 ||   612
Dodge: Dodged            |    55 |    90 |   146 |   290 ||   581
Block: Other             |       |       |       |    28 ||    28
       Reflection        |       |       |       |     1 ||     1

Table legend: (Time is in decaauts)
 A = Elapsed time spent in this place.
 B = Non-inter-level travel time spent in this place.
 C = Inter-level travel time spent in this place.
 D = Time resting spent in this place.
 E = Time spent auto-exploring this place.
 F = Levels seen in this place.
 G = Mean time per level.
                   A        B        C        D        E       F      G
               +--------+--------+--------+--------+--------+-----+--------+
         Total |  14041 |  13608 |    433 |   1114 |  10452 |  13 | 1080.1 |
       Dungeon |  13384 |  12951 |    433 |   1114 |   9998 |  12 | 1115.3 |
       Ossuary |    656 |    656 |      0 |      0 |    454 |   1 |  656.0 |
               +--------+--------+--------+--------+--------+-----+--------+

Top non-repeatable levels by time:
    D:13: 2042 daAuts
     D:3: 1861 daAuts
     D:8: 1434 daAuts
     D:1: 1315 daAuts
     D:2: 1174 daAuts
    D:10: 1118 daAuts
     D:9: 1059 daAuts
    D:12: 1012 daAuts
    D:11: 901 daAuts
     D:4: 691 daAuts
 Ossuary: 656 daAuts
     D:5: 639 daAuts
    D:14: 135 daAuts
